AoeStats
← UPHARSIN

Arabia

510194423Analyzed
1v1 RM · 3d ago on Sep 29, 2026· 26m 39s· 2 players
Game mode
Random Map
Map size
Tiny (2 player)
Population
200
Speed
Normal
Resources
Standard
Victory
Conquest
Starting age
Dark Age
Ending age
Imperial Age
RankedLock teamsTeams togetherTeam positionsShared explorationLock speedFull tech treeHidden civsTurbo modeCheats
Victory
Defeat
🇩🇪 Persians · Germany
1398
+15
🇨🇦 Bulgarians · Canada
1380
-15
UPHARSIN
6:13 Loom
8:53 Feudal Age
9:52 Double-Bit Axe
13:07 Horse Collar
20:37 Castle Age
21:30 Scale Barding Armor
21:36 Forging
22:26 Chain Barding Armor
23:25 Iron Casting
24:23 Bow Saw
24:38 Bloodlines
24:45 Gold Mining
24:58 Husbandry
26:10 Heavy Plow
my_dad
6:19 Loom
8:45 Feudal Age
9:10 Double-Bit Axe
14:07 Horse Collar
14:37 Scale Barding Armor
23:12 Castle Age
21:28 Gold Mining
22:12 Forging
22:02 Scale Mail Armor
23:01 Bloodlines
24:49 Bow Saw
25:15 Wheelbarrow
Connection lost

Rejoining the realm…

Still unreachable

The connection could not be restored.

Session expired

The server has moved on; the page needs a fresh start.